 Dungeon Crawl Stone Soup version 0.23.0 (webtiles) character file.

Game seed: 13360293331886705040

680 Mgcat the Magician (level 7, -4/44 HPs)
             Began as a Deep Elf Monk on Feb 11, 2019.
             Was a Priest of Vehumet.
             Slain by an orc warrior
             ... wielding a +0 long sword
              (10 damage)
             ... on level 6 of the Dungeon.
             The game lasted 00:11:45 (4541 turns).

Mgcat the Magician (Deep Elf Monk)                  Turns: 4541, Time: 00:11:46

Health: -4/44      AC:  5    Str:  9    XL:     7   Next: 34%
Magic:  6/16       EV: 12    Int: 16    God:    Vehumet [***...]
Gold:   318        SH:  0    Dex: 17    Spells: 14/15 levels left

rFire    . . .     SeeInvis .   j - +3 dagger (venom)
rCold    . . .     Gourm    .   (no shield)
rNeg     . . .     Faith    .   g - +0 ring mail
rPois    .         Spirit   .   (no helmet)
rElec    .         Reflect  .   (no cloak)
rCorr    .         Harm     .   (no gloves)
MR       .....                  (no boots)
Stlth    ++........             f - amulet of regeneration {+regen, !d}
HPRegen  0.54/turn              s - ring of wizardry {Wiz+, !d}
MPRegen  0.15/turn              (no ring)

@: no status effects
A: no striking features
a: Renounce Religion


You were on level 6 of the Dungeon.
You worshipped Vehumet.
Vehumet was most pleased with you.
You were not hungry.

You visited 1 branch of the dungeon, and saw 6 of its levels.

You collected 318 gold pieces.

Inventory:

Hand Weapons
 j - a +3 dagger of venom (weapon)
   (You took it off a goblin on level 1 of the Dungeon)
Missiles
 l - 2 stones (quivered)
Armour
 b - a +0 helmet
   (You took it off Robin on level 2 of the Dungeon)
 g - a +0 ring mail (worn)
   (You found it on level 1 of the Dungeon)
 q - the +5 leather armour of Midwinter {*Contam +Inv rN+ rCorr}
   (You took it off an orc on level 5 of the Dungeon)

   It protects you from negative energy.
   It lets you turn invisible.
   It causes magical contamination when unequipped.
   It provides partial protection from all sources of acid and corrosion.
Jewellery
 d - an uncursed ring of fire {rF+, rC-}
   (You found it on level 4 of the Dungeon)
 f - an amulet of regeneration (around neck) {+regen, !d}
   (You found it on level 1 of the Dungeon)
 s - a ring of wizardry (left hand) {Wiz+, !d}
   (You found it on level 6 of the Dungeon)
Scrolls
 m - a scroll of fog
 o - a scroll of remove curse {unknown}
 p - 2 scrolls of amnesia
Potions
 a - 4 potions of curing
 e - 2 potions of resistance
 h - a potion of cancellation
 i - a potion of might
 k - 2 potions of lignification {!q}
 n - 3 potions of heal wounds {unknown}
Comestibles
 c - 9 rations
 t - 3 chunks of flesh {@w0}


   Skills:
 + Level 4.3 Fighting
   Level 3.2 Long Blades
 - Level 1.9 Armour
 - Level 4.3 Dodging
 - Level 2.4 Stealth
 + Level 4.9 Spellcasting
 + Level 4.0 Earth Magic


You had 14 spell levels left.
You knew the following spells:

 Your Spells              Type           Power        Failure   Level  Hunger
a - Sandblast             Erth           ###...       1%          1    None
Your spell library was empty.

Dungeon Overview and Level Annotations

Branches:
Dungeon (6/15)
 Temple: D:4-7

Altars:
Elyvilon
Fedhas
Qazlal
Vehumet


Message History

The orc warrior looks as sick as possible!
The orc warrior is lightly wounded.
Warning x2: The orc wizard might cast Slow, Confuse, Throw Flame, Throw Frost, or go Invisible!
The orc warrior can hit for high damage!
You hit the orc warrior but do no damage.
The orc warrior looks as sick as possible!
The orc warrior is lightly wounded.
The orc warrior completely misses you.
Warning x2: The orc wizard might cast Slow, Confuse, Throw Flame, Throw Frost, or go Invisible!
The orc warrior can hit for high damage!
Casting: Sandblast (safe; 1% risk of failure)
Confirm with . or Enter, or press ? or * to list all spells.
Aiming: Sandblast (safe; 1% risk of failure)
Press: ? - help, Shift-Dir - straight line, f/p - orc warrior
Aim: an orc warrior, wielding a +0 long sword and wearing a +0 plate armour (lightly wounded, poisoned)
The blast of sand hits the orc warrior but does no damage.
The orc warrior is lightly wounded.
l - 9 stones The orc warrior hits you with a +0 long sword.
You take 3 damage, and have 26/44 hp.
You now have 12/16 mp.
Warning x2: The orc wizard might cast Slow, Confuse, Throw Flame, Throw Frost, or go Invisible!
The orc warrior can hit for high damage!
Casting: Sandblast (safe; 1% risk of failure)
Confirm with . or Enter, or press ? or * to list all spells.
Aiming: Sandblast (safe; 1% risk of failure)
Press: ? - help, Shift-Dir - straight line, f/p - orc warrior
Aim: an orc warrior, wielding a +0 long sword and wearing a +0 plate armour (lightly wounded, poisoned)
The blast of sand hits the orc warrior but does no damage.
The orc warrior is lightly wounded.
l - 8 stones The orc warrior hits you with a +0 long sword.
You take 5 damage, and have 21/44 hp.
You now have 11/16 mp.
Warning x2: The orc wizard might cast Slow, Confuse, Throw Flame, Throw Frost, or go Invisible!
The orc warrior can hit for high damage!
Casting: Sandblast (safe; 1% risk of failure)
Confirm with . or Enter, or press ? or * to list all spells.
Aiming: Sandblast (safe; 1% risk of failure)
Press: ? - help, Shift-Dir - straight line, f/p - orc warrior
Aim: an orc warrior, wielding a +0 long sword and wearing a +0 plate armour (moderately wounded, poisoned)
The blast of sand misses the orc warrior.
l - 7 stones The orc warrior barely misses you.
You now have 10/16 mp.
Warning x2: The orc wizard might cast Slow, Confuse, Throw Flame, Throw Frost, or go Invisible!
The orc warrior can hit for high damage!
Casting: Sandblast (safe; 1% risk of failure)
Confirm with . or Enter, or press ? or * to list all spells.
Aiming: Sandblast (safe; 1% risk of failure)
Press: ? - help, Shift-Dir - straight line, f/p - orc warrior
Aim: an orc warrior, wielding a +0 long sword and wearing a +0 plate armour (heavily wounded, poisoned)
The blast of sand hits the orc warrior but does no damage.
The orc warrior is heavily wounded.
l - 6 stones The crimson imp blinks!
You now have 9/16 mp.
Warning x2: The orc wizard might cast Slow, Confuse, Throw Flame, Throw Frost, or go Invisible!
The orc warrior can hit for high damage!
Casting: Sandblast (safe; 1% risk of failure)
Confirm with . or Enter, or press ? or * to list all spells.
Aiming: Sandblast (safe; 1% risk of failure)
Press: ? - help, Shift-Dir - straight line, f/p - orc warrior
Aim: an orc warrior, wielding a +0 long sword and wearing a +0 plate armour (severely wounded, poisoned)
The blast of sand hits the orc warrior but does no damage.
The orc warrior is severely wounded.
l - 5 stones The orc warrior completely misses you.
The orc wizard gestures wildly while chanting.
The orc wizard flickers and vanishes!
Deactivating autopickup; reactivate with Ctrl-A.
You now have 8/16 mp.
Spoiler Alert: The orc warrior can hit for high damage!
Casting: Sandblast (safe; 1% risk of failure)
Confirm with . or Enter, or press ? or * to list all spells.
Aiming: Sandblast (safe; 1% risk of failure)
Press: ? - help, Shift-Dir - straight line, f/p - orc warrior
Aim: an orc warrior, wielding a +0 long sword and wearing a +0 plate armour (severely wounded, poisoned)
The blast of sand hits the orc warrior but does no damage.
The orc warrior is severely wounded.
l - 4 stones The orc warrior hits you but does no damage.
Spoiler Alert: The orc warrior can hit for high damage!
Casting: Sandblast (safe; 1% risk of failure)
Confirm with . or Enter, or press ? or * to list all spells.
Aiming: Sandblast (safe; 1% risk of failure)
Press: ? - help, Shift-Dir - straight line, f/p - orc warrior
Aim: an orc warrior, wielding a +0 long sword and wearing a +0 plate armour (severely wounded, poisoned)
The blast of sand hits the orc warrior but does no damage.
The orc warrior is severely wounded.
l - 3 stones The crimson imp shouts, "Return whence thou came, thou spindly limp-willed flirt-gill!"
The crimson imp blinks!
The orc warrior hits you with a +0 long sword!!
* * * LOW HITPOINT WARNING * * *
You take 17 damage, and have 6/44 hp.
MASSIVE DAMAGE!!
You now have 7/16 mp.
Spoiler Alert: The orc warrior can hit for high damage!
Casting: Sandblast (safe; 1% risk of failure)
Confirm with . or Enter, or press ? or * to list all spells.
Aiming: Sandblast (safe; 1% risk of failure)
Press: ? - help, Shift-Dir - straight line, f/p - orc warrior
Aim: an orc warrior, wielding a +0 long sword and wearing a +0 plate armour (severely wounded, poisoned)
The blast of sand hits the orc warrior but does no damage.
The orc warrior is severely wounded.
l - 2 stones You hear some strange, mumbled words.
The orc warrior hits you with a +0 long sword!
You die...

...##,,#.....####........#
....,,##.##....##........#
..#####5.####............#
.#.............#.........#
............#)...#########
.#.........)#.#..##
.#..........[.##..#
.............####.### ######
............oo{o@...###....#
##..........#####....#..##.##
##..........# ##.....##.÷.##
......>.....########...#.....#
.....<.................#.....#
########....#########.##.....#
*,,,...#.#****** #.###...##
****,*###...#,,,,,* #.##....[#
*,,,,* *##.#,≈,≈,* #.##.....#


You could see an orc warrior and 2 orcs.

Vanquished Creatures
  A phantom (D:5)
  A bullfrog (D:6)
  A howler monkey (D:5)
  A bullfrog zombie (D:5)
  An orc priest (D:5)
  A jelly (D:5)
  An orc wizard (D:5)
  Jessica (D:3)
  An iguana (D:6)
  Terence (D:2)
  2 worker ants
  Natasha (twice) (D:2)
  Robin (D:2)
  7 adders
  A shadow imp (D:6)
  An ooze (D:2)
  An adder skeleton (D:5)
  A worm (D:3)
  3 dart slugs
  2 leopard geckos
  6 orcs
  7 bats
  3 giant cockroaches
  16 goblins
  10 hobgoblins
  7 jackals
  5 quokkas
  6 frilled lizards
  8 kobolds
  A quokka skeleton (D:6)
  10 rats
110 creatures vanquished.

Notes
Turn   | Place    | Note
-------+----------+-------------------------------------------
     0 | D:1      | Mgcat the Deep Elf Monk began the quest for the Orb.
     0 | D:1      | Reached XP level 1. HP: 13/13 MP: 3/3
   301 | D:1      | Reached XP level 2. HP: 8/18 MP: 4/4
   721 | D:2      | Reached skill level 3 in Long Blades
   721 | D:2      | Reached skill level 4 in Dodging
   875 | D:2      | Reached XP level 3. HP: 17/22 MP: 5/5
   975 | D:2      | Reached skill level 1 in Armour
  1001 | D:2      | Found a blossoming altar of Fedhas.
  1087 | D:2      | Found a white marble altar of Elyvilon.
  1089 | D:2      | Noticed Terence
  1106 | D:2      | Killed Terence
  1172 | D:2      | Found a radiant altar of Vehumet.
  1203 | D:2      | Reached XP level 4. HP: 27/27 MP: 6/6
  1242 | D:2      | Became a worshipper of Vehumet
  1242 | D:2      | Reached * piety under Vehumet
  1242 | D:2      | Offered knowledge of Sandblast by Vehumet.
  1242 | D:2      | Reached ** piety under Vehumet
  1245 | D:2      | Learned a level 1 spell: Sandblast
  1363 | D:2      | Noticed Robin
  1372 | D:2      | Offered knowledge of Shock by Vehumet.
  1564 | D:2      | Reached skill level 3 in Fighting
  1605 | D:2      | Killed Robin
  1717 | D:2      | Reached skill level 1 in Spellcasting
  1717 | D:2      | Reached skill level 1 in Earth Magic
  1928 | D:2      | Noticed Natasha
  1942 | D:2      | Killed Natasha
  1942 | D:2      | Reached XP level 5. HP: 24/32 MP: 7/9
  2035 | D:2      | Noticed Natasha
  2046 | D:2      | Killed Natasha
  2046 | D:2      | Reached skill level 2 in Spellcasting
  2198 | D:3      | Offered knowledge of Mephitic Cloud by Vehumet.
  2289 | D:3      | Noticed Jessica
  2293 | D:3      | Killed Jessica
  2293 | D:3      | Reached skill level 2 in Earth Magic
  2505 | D:3      | Reached *** piety under Vehumet
  3437 | D:5      | Entered Level 5 of the Dungeon
  3444 | D:5      | Reached XP level 6. HP: 34/37 MP: 8/12
  3485 | D:5      | Reached skill level 3 in Spellcasting
  3780 | D:5      | Reached skill level 3 in Earth Magic
  3836 | D:5      | Reached skill level 4 in Spellcasting
  4007 | D:5      | Identified the +5 leather armour of Midwinter {*Contam +Inv
                  | rN+ rCorr}
  4053 | D:5      | Reached skill level 4 in Fighting
  4053 | D:5      | Reached XP level 7. HP: 32/43 MP: 9/15
  4429 | D:6      | Reached skill level 4 in Earth Magic
  4474 | D:6      | Found a stormy altar of Qazlal.
  4540 | D:6      | HP: 6/44 [orc warrior/+0 long sword (18)]
  4541 | D:6      | Slain by an orc warrior

Skill      XL: |  1  2  3  4  5  6  7 |
---------------+----------------------+-----
Long Blades    | 3 |  3.2
Dodging        | 4 |  4.3
Armour         | 1 |  1.9
Fighting       | 3 4 |  4.3
Spellcasting   | 1 2 4 |  4.9
Earth Magic    | 1 2 3 4 |  4.0
Stealth        | |  2.4

Action                   |  1- 3 |  4- 6 |  7- 9 || total
-------------------------+-------+-------+-------++-------
Melee: Falchion          |    26 |       |       ||    26
       Dagger            |    50 |   246 |    23 ||   319
 Cast: Sandblast         |       |    37 |    40 ||    77
  Use: Scroll            |     1 |     9 |     3 ||    13
 Stab: Sleeping          |     2 |     1 |       ||     3
  Eat: Chunk             |     1 |     9 |     2 ||    12
Armor: Ring mail         |    24 |    83 |     8 ||   115
       Robe              |     2 |       |       ||     2
Dodge: Dodged            |    34 |   167 |    24 ||   225
       Rpst.: Falchion   |     5 |       |       ||     5

Levels and vault maps discovered:
D:1:      lightli_molten_gateway, layout_basic
D:2:      minmay_razor_zed, layout_basic, lemuel_coloured_pillars_altar,
          elyvilon_altar_3, old_standard_altar, uniq_robin, uniq_natasha,
          uniq_terence
D:3:      layout_loops_ring, hex_large, uniq_jessica
D:4:      layout_gridville, kennysheep_generic_room_4
D:5:      layout_loops_cross, first_ration
D:6:      layout_rooms, kennysheep_little_box, marbit_many_paths

Table legend:
 A = Turns spent in this place as a percentage of turns spent in the entire game.
 B = Non-inter-level travel turns spent in this place as a percentage of non-inter-level travel turns spent in the entire game.
 C = Inter-level travel turns spent in this place as a percentage of turns spent in this place.
 D = Turns resting spent in this place as a percentage of non-inter-level travel turns spent in this place.
 E = Turns spent auto-exploring this place as a percentage of non-inter-level travel turns spent in this place.
 F = Non-inter-level travel turns spent in this place divided by the number of levels of this place that you've seen.
                   A       B       C       D       E      F
               +-------+-------+-------+-------+-------+----------------------
         Total | 100.0 | 100.0 |   5.2 |  10.0 |  68.1 | 717.2
       Dungeon | 100.0 | 100.0 |   5.2 |  10.0 |  68.1 | 717.2
               +-------+-------+-------+-------+-------+----------------------

Table legend:
 A = Kills in this place as a percentage of kills in entire the game.
 B = Kills by you in this place as a percentage of kills by you in the entire game.
 C = Kills by friends in this place as a percentage of kills by friends in the entire game.
 D = Other kills in this place as a percentage of other kills in the entire game.
 E = Experience gained in this place as a percentage of experience gained in the entire game.
 F = Experience gained in this place divided by the number of levels of this place that you have seen.
                   A       B       C       D       E      F
               +-------+-------+-------+-------+-------+----------------------
         Total | 100.0 | 100.0 |   N/A |   N/A | 100.0 | 162.0
       Dungeon | 100.0 | 100.0 |   N/A |   N/A | 100.0 | 162.0
               +-------+-------+-------+-------+-------+----------------------
